Cogmind - Beta 13 @@@ ROGUE MODE // 2024.04.01 @ 12:18:44 Player: Feral_Cog Result: Destroyed by YI-UF0 with YI-UF0's Doublenader Performance ------------- Evolutions (0) 0 Regions Visited (2) 400 Robots Destroyed (18) 90 Value Destroyed (379) 379 Prototype IDs (0) 0 Alien Tech Used (0) 0 Bonus (0) 0 TOTAL SCORE: 869 Bonus ------- None Cogmind --------- Core Integrity 0/250 Matter 282/300 Energy 100/100 System Corruption 0% Temperature Cool (70) Movement Core (700) Ox13 Location -10/Mines Parts ------- > --- POWER (1) -------- (None) > --- PROPULSION (2) --- (None) > --- UTILITY (2) ------ High-capacity Storage Unit > --- WEAPON (2) ------- (None) > --- INVENTORY (20) --- Medium Battery (150) High-capacity Battery (250) High-capacity Battery (250) High-capacity Battery (250) Small Matter Pod (50) Medium Matter Pod (100) Medium Matter Pod (40) Medium Matter Pod (0) Large Matter Pod (0) Sensor Array Experimental Sensor Array Signal Interpreter Light Armor Plating Authchip [Processor] Datajack Mining Laser Hammer Hammer Peak State ------------ > --- POWER ------------ Light Nuclear Core > --- PROPULSION ------- Wheel Wheel > --- UTILITY ---------- High-capacity Storage Unit Tractor Beam > --- WEAPON ----------- Light Assault Rifle Light Assault Rifle > --- INVENTORY -------- Ion Engine Medium Battery High-capacity Battery High-capacity Battery High-capacity Battery Small Matter Pod Medium Matter Pod Medium Matter Pod Medium Matter Pod Large Matter Pod Sensor Array Experimental Sensor Array Signal Interpreter Light Armor Plating Authchip [Processor] Light Assault Rifle Datajack Mining Laser Hammer Hammer [Rating: 12] Favorites ----------- Power Light Ion Engine Engine Light Ion Engine Power Core Light Nuclear Core Propulsion Wheel Wheel Wheel Hover Unit Hover Unit Flight Unit Flight Unit Utility High-capacity Storage Unit Device Heat Sink Storage High-capacity Storage Unit Hackware Hacking Suite Protection Light Armor Plating Weapon Light Assault Rifle Energy Gun Medium Laser Ballistic Gun Light Assault Rifle Launcher Grenade Launcher Special Weapon Mining Laser Special Melee Weapon Datajack Build | -11 -10 -10 ------- Run | Yrd Mat Min Slots Evolved . | . . . Power . | . . . Propulsion . | . . . Utility . | . . . Weapon . | . . . Parts Attached 32 | 10 16 6 Power 4 | 1 1 2 Engine 3 | 1 1 1 Core 1 | . . 1 Reactor . | . . . Propulsion 7 | 2 5 . Treads . | . . . Leg . | . . . Wheel 4 | 2 2 . Hover 2 | . 2 . Flight 1 | . 1 . Utility 7 | 1 5 1 Device 2 | 1 . 1 Storage 3 | . 3 . Processor . | . . . Hackware 1 | . 1 . Protection 1 | . 1 . Artifact . | . . . Weapon 14 | 6 5 3 Energy Gun 8 | 5 1 2 Energy Cannon . | . . . Ballistic Gun 3 | . 2 1 Ballistic Cannon . | . . . Launcher 1 | . 1 . Special Weapon 1 | 1 . . Impact Weapon . | . . . Slashing Weapon . | . . . Piercing Weapon . | . . . Special Melee Weapon 1 | . 1 . Unidentified Prototypes . | . . . Parts Lost 10 | . 4 6 Power 1 | . . 1 Propulsion 4 | . 2 2 Utility 1 | . . 1 Weapon 4 | . 2 2 Highest Loss Streak 6 | . 3 6 To Critical Strikes . | . . . Average Slot Usage (%) 97 | . 96 98 Engine 12 | . 13 9 Core 1 | . . 4 Wheel 26 | . 24 28 Device 4 | . 1 9 Storage 13 | . 12 14 Hackware 2 | . 4 . Protection 6 | . 8 3 Energy Gun 3 | . 2 3 Ballistic Gun 20 | . 18 23 Launcher 1 | . 1 . Special Melee Weapon 2 | . 4 . Naked Turns . | . . . Heaviest Build 50 | 7 48 50 Greatest Support 20 | 20 20 20 Greatest Overweight (x) 13 | . 2 13 Average Overweight (x) 1 | . 1 2 Largest Inventory Capacity 20 | 5 20 20 Average Capacity 13 | 5 15 20 Most Carried 20 | 5 16 20 Average Carried 9 | 3 9 18 Final Capacity 20 | 5 20 20 Final Carried 18 | 4 16 18 Class Distribution -------------------- 91% | Mutant 8% | Scavenger-Mutant Dominant Class ---------------- Mutant | -10/Materials Mutant | -10/Mines Resources | -11 -10 -10 ----------- Run | Yrd Mat Min Matter Collected 790 | 300 168 322 Remotely 305 | . . 305 Salvage Created 433 | 59 171 203 Parts 36 | 4 20 12 Haulers Intercepted . | . . . Recyclers Shooed . | . . . Parts Field Recycled . | . . . Retrieved Matter . | . . . Parts Self-Destructed . | . . . Prevented . | . . . Kills | -11 -10 -10 ------- Run | Yrd Mat Min Combat Hostiles Destroyed 12 | 1 8 3 Guns 7 | 1 3 3 AOE 5 | . 5 . Classes Destroyed 7 | 2 3 2 Builder 1 | . . 1 Tunneler 1 | 1 . . Recycler 1 | . . 1 Operator 1 | . 1 . Watcher 2 | . 2 . Swarmer 6 | . 6 . Grunt 6 | 1 2 3 Best Kill Streak 3 | 2 3 3 Combat Bots Only 3 | 1 3 3 Max Kills in Single Turn 1 | 1 1 1 Gunslinging . | . . . Exploded 1 | . 1 . Melee . | . . . Uniques/NPCs Destroyed . | . . . Combat | -11 -10 -10 -------- Run | Yrd Mat Min Hostile Shots Fired 34 | 2 18 14 Missed 6 | 1 4 1 Damage Taken 728 | 12 257 459 Core 256 | 12 59 185 Absorbed by Shields . | . . . Core Remaining (%) 95 | 95 . . Volleys Fired 88 | 34 28 26 Largest 2 | 2 2 2 Hottest 150 | 150 70 85 Shots Fired 164 | 65 47 52 Gun 129 | 37 40 52 Cannon . | . . . Launcher 7 | . 7 . Special 28 | 28 . . Kinetic 78 | . 34 44 Thermal 73 | 65 . 8 Explosive 7 | . 7 . Electromagnetic 6 | . 6 . Robot Hit Streak 14 | 3 5 14 Robot Miss Streak 4 | 1 4 2 Penetration Max . | . . . Secondary Targets . | . . . Shots Hit Robots 56 | 4 20 32 Core Hits 36 | 3 19 14 Critical Kills 1 | . 1 . Critical Parts Destroyed . | . . . Critical Strikes 2 | . 2 . Destroy 1 | . 1 . Corrupt 1 | . 1 . Melee Attacks . | . . . Impact . | . . . Slashing . | . . . Piercing . | . . . Sneak Attacks . | . . . Combat Hostiles . | . . . Follow-up Attacks . | . . . Damage Inflicted 792 | 47 458 287 Guns 508 | 47 174 287 Cannons . | . . . Explosions 284 | . 284 . Melee . | . . . Ramming . | . . . Kinetic 367 | . 128 239 Thermal 95 | 47 . 48 Explosive 284 | . 284 . Electromagnetic 46 | . 46 . Impact . | . . . Slashing . | . . . Piercing . | . . . Highest Corruption . | . . . Average Corruption . | . . . Corruption Purged . | . . . Corruption Blocked . | . . . Overload Shots . | . . . Overflow Damage 31 | . 31 . Projectiles . | . . . Explosions 31 | . 31 . Melee . | . . . Knockbacks . | . . . Impact . | . . . Kinetic . | . . . Secondary . | . . . Self-Inflicted Damage 97 | . 97 . Shots 4 | . 4 . Rammed . | . . . Targets Rammed . | . . . Kicked . | . . . Crushed . | . . . Highest Temperature 120 | 66 64 120 Average Temperature 31 | 32 15 60 Received Heat Transfer 75 | 6 69 . Siege Activations . | . . . Robots Corrupted . | . . . Combat Hostiles . | . . . Parts Fried . | . . . Impact Corruptions . | . . . Robots Melted . | . . . Combat Hostiles . | . . . Parts Melted . | . . . Heat Transferred 247 | 136 . 111 Parts Sabotaged . | . . . Parts Stolen . | . . . Parts Stripped . | . . . Power Chain Reactions . | . . . Alert | -11 -10 -10 ------- Run | Yrd Mat Min Peak Influence 209 | 26 209 96 Initial 31 | . . 31 Average 45 | 13 86 26 Maximum Alert Level 1 | . 1 . Low Security (%) 98 | 100 95 100 Level 1 1 | . 4 . Level 2 . | . . . Level 3 . | . . . Level 4 . | . . . Level 5 . | . . . High Security . | . . . Max Security . | . . . Squads Dispatched . | . . . Investigation . | . . . Extermination . | . . . Reinforcement . | . . . Assault . | . . . Garrison . | . . . Intercept . | . . . Searches Triggered . | . . . Construction Impeded . | . . . Haulers Reinforced . | . . . Active Scanning Responses . | . . . Cargo Convoy Interrupts . | . . . Stealth | -11 -10 -10 --------- Run | Yrd Mat Min Distress Signals . | . . . Communications Jammed . | . . . Distress Signals . | . . . Times Spotted 18 | 1 16 1 Peak Tracking Total 3 | 1 3 1 Tactical Retreats . | . . . Traps | -11 -10 -10 ------- Run | Yrd Mat Min Traps Triggered . | . . . Indirectly . | . . . Trap Hack Attempts . | . . . Triggered . | . . . Disarmed 10 | . 10 . Reprogrammed . | . . . Reused . | . . . Traps Extracted . | . . . Installed . | . . . Triggered . | . . . Machines | -11 -10 -10 ---------- Run | Yrd Mat Min Machines Disabled 1 | . . 1 Max in Single Turn 1 | . . 1 Machines Repaired . | . . . Machines Dismantled . | . . . Machines Sabotaged . | . . . Overloaded Fab Kills . | . . . Hacking | -11 -10 -10 --------- Run | Yrd Mat Min Machines Accessed 10 | . 10 . Terminals 8 | . 8 . Fabricators . | . . . Repair Stations 1 | . 1 . Recycling Units 1 | . 1 . Scanalyzers . | . . . Garrison Access . | . . . Total Hacks 24 | . 24 . Successful 12 | . 12 . Failed 12 | . 12 . Catastrophic . | . . . Database Lockouts . | . . . Manual 1 | . 1 . Terminals 19 | . 19 . Fabricators . | . . . Repair Stations 2 | . 2 . Recycling Units 3 | . 3 . Scanalyzers . | . . . Garrison Access . | . . . Terminal Hacks 9 | . 9 . Record 1 | . 1 . Alert Level 1 | . 1 . Disarm Traps 2 | . 2 . Dispatch Records 1 | . 1 . Hauler Manifests 3 | . 3 . Registered Components 1 | . 1 . Fabricator Hacks . | . . . Repair Station Hacks 1 | . 1 . Scan Component 1 | . 1 . Recycling Unit Hacks 2 | . 2 . Recycle Component 2 | . 2 . Scanalyzer . | . . . Garrison Access Hacks . | . . . Unauthorized Hacks . | . . . Terminals . | . . . Fabricators . | . . . Repair Stations . | . . . Recycling Units . | . . . Scanalyzers . | . . . Garrison Access . | . . . Data Cores Recovered 1 | . 1 . Used . | . . . Hacking Detections 7 | . 7 . Full Trace Events 1 | . 1 . Feedback Events . | . . . Feedback Blocked . | . . . Robot Schematics Acquired . | . . . Robots Built . | . . . Authchips . | . . . Time . | . . . Total Robot Build Rating . | . . . Part Schematics Acquired . | . . . Parts Built . | . . . Authchips . | . . . Time . | . . . Total Part Build Rating . | . . . Parts Repaired . | . . . Time . | . . . Parts Recycled 2 | . 2 . Recycled Matter . | . . . Retrieved Matter . | . . . Retrieved Components . | . . . Parts Scanalyzed . | . . . Part Schematics Acquired . | . . . Parts Damaged . | . . . Bothacking | -11 -10 -10 ------------ Run | Yrd Mat Min Used RIF Installer . | . . . Robots Hacked . | . . . Non-combat . | . . . Combat . | . . . Robot Hacks Applied . | . . . Relay Couplers Released . | . . . Fabnet Peak Effective % . | . . . Robots Rewired . | . . . Allies Hacked . | . . . Hacks Repelled . | . . . Allies | -11 -10 -10 -------- Run | Yrd Mat Min Total Allies . | . . . Largest Group . | . . . Highest-Rated Group . | . . . Highest-Rated Ally . | . . . Total Orders . | . . . Ally Attacks . | . . . Total Damage . | . . . Kills . | . . . Allies Corrupted . | . . . Allies Melted . | . . . Intel | -11 -10 -10 ------- Run | Yrd Mat Min Robot Analysis Total . | . . . Derelict Logs Recovered 1 | . . 1 Drone Launches . | . . . Drone Recoveries . | . . . Exploration | -11 -10 -10 ------------- Run | Yrd Mat Min Turns Passed 1998 | 639 787 572 Spaces Moved 1266 | 219 619 428 Core 23 | 17 5 1 Treads . | . . . Legs . | . . . Wheels 1209 | 202 580 427 Hover 34 | . 34 . Flight . | . . . Fastest Speed 50 | 50 56 110 Average Speed 100 | 77 101 111 Slowest Speed 700 | 80 150 700 Overloaded Moves . | . . . Propulsion Burnouts . | . . . Robots Hopped . | . . . Cave-ins Triggered . | . . . Exploration Rate (%) 49 | 19 70 60 Regions Visited 2 Branch Regions 1 Pre-discovered Areas 1 | . . 1 Known Exits Taken . | . . . Unknown Exits Taken 2 | 1 1 . Scrap Searched 1 | . . 1 Spaces Dug 9 | 9 . . Terrain Destroyed 42 | 10 32 . Melee . | . . . Projectile 10 | 10 . . AOE 32 | . 32 . Terrain Rammed . | . . . Walls Destroyed . | . . . Machines Disabled . | . . . Actions | -11 -10 -10 --------- Run | Yrd Mat Min Total 1800 | 568 743 489 Wait 338 | 292 37 9 Move 1264 | 218 618 428 Hop . | . . . Pick Up 49 | 10 29 10 Fast Attach . | . . . Attach 30 | 10 16 4 Detach 12 | 4 6 2 Swap 2 | . . 2 Drop 17 | . 9 8 Fire 88 | 34 28 26 Melee . | . . . Ram . | . . . Kick . | . . . Crush . | . . . Escape Stasis . | . . . Rewire . | . . . Trap . | . . . Miscellaneous . | . . . Route ------- -11/Scrapyard -10/Materials (discovered 3 exits: [*Mat x2] / [*Min]) -10/Mines (discovered 1 exit: [*Mat]) History --------- Turn | Location | Event 2 | -11/Scrapyard | Met Revision 17 60 | -11/Scrapyard | Discovered new exit (range 8) 640 | -11/Scrapyard | Entered Materials 656 | -10/Materials | Build established: Mutant 800 | -10/Materials | Lost 3 parts (1n2w) 851 | -10/Materials | Discovered new exit (range 12) 965 | -10/Materials | Discovered new exit (range 11) 1051 | -10/Materials | Discovered new exit (range 4) 1427 | -10/Materials | Entered Mines 1438 | -10/Mines | Learned location of Storage (-9) 1470 | -10/Mines | Discovered new exit (range 7) 1528 | -10/Mines | Found a damaged Exp. Sensor Array with a note attached 1530 | -10/Mines | Found Prototype Device 1816 | -10/Mines | Assisted by bots powering up and referring to "LRC-V3" 1996 | -10/Mines | Core integrity fell below 50% 1999 | -10/Mines | Destroyed by YI-UF0 with YI-UF0's Doublenader Last Messages --------------- Acquired Lgt. Nuclear Core. Dropped Ion Engine. Dropped Lgt. Assault Rifle. Acquired Particle Gun. Acquired Sml. Laser. Dropped Sml. Laser. Acquired Sml. Laser. Dropped Sml. Laser. Dropped Lgt. Assault Rifle. Acquired Lgt. Assault Rifle. U-05 Engineer destroyed. Core Extractor disabled. Tractor Beam destroyed. The unstable cave ceiling collapses. Lgt. Nuclear Core destroyed. Wheel destroyed. Lgt. Assault Rifle destroyed. Particle Gun destroyed. The unstable cave ceiling collapses. [Achievement: First Step to Greatness] Map ----- +----------------------------------------------------+ | ????????????????????????????# #????????# #?????? | | ????????????????????????????# #????????# #?????? | | ????????????????????????????# #????????# #?????? | | ????????????????????????????# #????????# #?????? | | ????????????????????????????# ##??###### #?????? | | ????????????????????????##### ##?# #?????# | | ??????????????????####### #?# ###### | | ??????????? #?# ####### | | ??????????? #### ##????# | | ??????????????############## #### ##???## | | ???????????????????????????#####?# ##???# # | | ???????????????????????????????### ##### ## | | ??????????????????????????????# < ! #? | | ??????????????????????????????# ### #? | | ??????????????????????????????# #?# ####### ##? | | ????????????????????????????## #### ######?# #?# | | ??????????????????????????## #?##### ### ### | | ????????????????????????### #????# ## ## | | ???????????????####???### #?????# | | ??????????????## ##### #??????# ### | | ??????????????# ##?????#### #?## | | ?????????????## #?????# #??### ## | | ????????????## ## #?????# ## #????# #? | | ????# ####### # #????## ## ####?# #? | | ??# """ # #???## = ### #? | | ????######## "" g @ #???# * = #? | | ????????# # """ ##???# * #? | | ????????## ## #????## ######? | | ?????????###?# ## #?????## """ #?????? | | ?????????????# ##### ## #??????# """ #?????? | | ?????????????## #???# ## #??????# """ #?????? | | ??????????????### #??## ## ######?# ##?????? | | ????????????????# #?## ## #?# ##??????? | | ????????????????# ### ####### #?# #???????? | | ?????????????#### ## #?????# #?# ##??????? | | ?????????????#!** #?????# ### #??????? | | ?????????????#!*= [ ##????# #??????? | | ?????????????# [ [ #????##### ##??????? | | ?????????????##### #???????# ####???????? | | ?????????????????###### #???????# !#????#####?? | | ??????????????????????## ##???????# =#??### ### | | ????????????????????????###????????# #?##! # | | ???????????????????????????????????# ### | | ???????????????????????????????????# | | ???????????????????????????????????###### | | ????????????????????????????????????????# ##! | | ????????????????????????????????????????## #### | | ?????????????????????????????????????????####??### | | ?????????????????????????????????????????????????? | | | +----------------------------------------------------+ Best States ------------- Heat Dissipation 35 Energy Generation 14 Energy Capacity 250 Matter Stores 300 Matter Capacity 450 Sight Range 16 Terrain Scan Density 10 Armor Coverage 150 Evasion (%) 53 Offensive Hacking 10 Authchip Count 1 Item Schematics ----------------- None Robot Schematics ------------------ None Fabricated ------------ Nothing Alien Tech Used ----------------- None Achievements -------------- Crack Shot First Step to Greatness Shopping List Use The Force Challenges ------------ None Game ------ Seed MappingTitaniumMicrothruster Manual? 0 Play Time 00:58:05 Cumulative 0.9 hours Start 2024.04.01 @ 11:12:32 End 2024.04.01 @ 12:18:44 Sessions 1 Manual Loads 0 Difficulty Rogue Special Mode None Game No. 1 Rogue 1 Adventurer 0 Explorer 0 Win Type - Total 0 Types 0/0/0/0/0/0/0/0/0 Lore% 0 Gallery% 2 Achievement% 1 Wizard Run 0 Options --------- Layout 1 ASCII 0 Keyboard 0 Movement Mouse Keybinds 0 Fullscreen 1 Font 28/TerminusBold Map View 30x25 Zoom Use 78% Tactical HUD 0 Map Filters NONE Filters NONE Steam 1 RUN: e46b03f7-e9f2-4300-9469-8ff11565952e